 Dungeon Crawl Stone Soup version 0.22.0-32-gbc6daba (webtiles) character file.

2004 Lew the Sneak (level 9, -1/55 HPs)
             Began as a Gargoyle Fighter on Aug 23, 2018.
             Was a Believer of Trog.
             Slain by an iguana (9 damage)
             ... on level 6 of the Dungeon.
             The game lasted 00:12:23 (4492 turns).

Lew the Sneak (Gargoyle Fighter)                    Turns: 4492, Time: 00:12:24

Health: -1/55      AC: 14    Str: 29    XL:     9   Next: 22%
Magic:  9/9        EV:  8    Int:  8    God:    Trog [**....]
Gold:   375        SH: 11    Dex:  9    Spells: 8/8 levels left

rFire    . . .     SeeInvis .   l - +2 spear (venom)
rCold    . . .     Gourm    .   c - +0 shield
rNeg     + . .     Faith    .   b - +0 scale mail
rPois    ∞         Spirit   .   (no helmet)
rElec    +         Reflect  .   (no cloak)
rCorr    .         Harm     .   (no gloves)
MR       .....                  (no boots)
Stlth    +++.......             (no amulet)
HPRegen  0.18/turn              v - ring of stealth
MPRegen  0.11/turn              (no ring)

@: mighty, berserk cooldown, slowed, very slow
A: negative energy resistance 1, electricity resistance, unbreathing,
petrification resistance, rot immunity, AC +6
a: Berserk, Trog's Hand, Renounce Religion


You were on level 6 of the Dungeon.
You worshipped Trog.
Trog was pleased with you.
You were near starving.

You visited 1 branch of the dungeon, and saw 6 of its levels.

You collected 375 gold pieces.

Inventory:

Hand Weapons
 a - a +1 war axe
 j - a +2 spear of freezing
 l - a +2 spear of venom (weapon)
Armour
 b - a +0 scale mail (worn)
 c - a +0 shield (worn)
 u - a +0 plate armour
Jewellery
 v - a ring of stealth (left hand)
Scrolls
 e - a scroll of fog
 h - 4 scrolls of remove curse
 m - a scroll of identify
 o - a scroll of magic mapping
Potions
 d - 2 potions of might
 g - 4 potions of flight {unknown}
 i - a potion of heal wounds {unknown}
 n - a potion of cancellation
 p - a potion of haste {unknown}
 r - a potion of magic
Comestibles
 f - 7 rations


   Skills:
 + Level 6.2 Fighting
 * Level 5.6 Axes
 + Level 6.3 Armour
 * Level 6.7 Stealth
 + Level 6.2 Shields


You had 8 spell levels left.
You didn't know any spells.
Your spell library was empty.

Dungeon Overview and Level Annotations

Branches:
Dungeon (6/15)
 Temple: D:4-7

Altars:
Kikubaaqudgha
Qazlal
Trog
Vehumet
Wu Jian
Zin
The Shining One


Innate Abilities, Weirdness & Mutations

You are resistant to torment.
Your stone body is resilient. (AC +6)
You are immune to poison.
You resist negative energy. (rN+)
You are resistant to electric shocks. (rElec)
You can survive without breathing.
You are immune to petrification.
You are immune to rotting.


Message History

You kill the bullfrog!
Trog accepts your kill. You block the orc's attack.
The orc hits you but does no damage. The iguana bites you.
* * * LOW HITPOINT WARNING * * *
You barely miss the iguana. The orc hits you with a whip.
* * * LOW HITPOINT WARNING * * *
The iguana bites you but does no damage.
You puncture the iguana!
The iguana is poisoned.
The iguana is severely wounded.
The orc hits you but does no damage. The iguana bites you.
* * * LOW HITPOINT WARNING * * *
You block the iguana's attack. The orc hits you but does no damage.
You closely miss the orc. The orc closely misses you.
The iguana bites you but does no damage.
You puncture the orc!
You kill the orc!
Trog accepts your kill. The iguana bites you!
You die...

...##.### #.....#
....#...
#$....#.###<##
###.#.#####.....
....... ##.......#...#
.#.#.#
........†#...####.....
....................#
.........##.........#
...............)....+
...............)@...#
....#..........l######
##..##......##..)((..#
#...............l)..+
##...####........#
.... ....#......... ..
.....#+######... .....
.. ..... .


You could see an iguana.

Vanquished Creatures
  The ghost of Monsterracer the Insei, an amateur MfCj (D:3)
  2 orc warriors
  An ice beast (D:6)
  3 ogres (D:4)
  A black bear (D:3)
  2 phantoms
  3 bullfrogs
  A scorpion (D:4)
  The ghost of HEYYEYAAE the Poker, a weakling DgGl (D:3)
  A killer bee (D:5)
  2 centaur skeletons
  A hound (D:4)
  3 orc priests
  5 orc wizards
  4 worker ants
  6 gnolls
  11 adders
  An adder skeleton (D:4)
  6 worms
  3 dart slugs
  5 leopard geckos
  15 orcs
  6 bats
  A giant cockroach (D:3)
  9 hobgoblins
  9 jackals
  10 kobolds
  5 quokkas
  4 ball pythons
  A ball python skeleton (D:5)
  A frilled lizard (D:3)
  9 goblins
  9 rats
142 creatures vanquished.

Vanquished Creatures (others)
  A human (D:4)
1 creature vanquished.

Grand Total: 143 creatures vanquished

Notes
Turn   | Place    | Note
-------+----------+-------------------------------------------
     0 | D:1      | Lew the Gargoyle Fighter began the quest for the Orb.
     0 | D:1      | Reached XP level 1. HP: 14/14 MP: 1/1
   266 | D:1      | Reached XP level 2. HP: 19/19 MP: 2/2
   507 | D:1      | Reached skill level 1 in Stealth
   893 | D:2      | Reached XP level 3. HP: 23/23 MP: 3/3
  1052 | D:2      | Reached XP level 4. HP: 25/29 MP: 4/4
  1157 | D:2      | Found a bloodstained altar of Trog.
  1257 | D:2      | Reached XP level 5. HP: 32/33 MP: 5/5
  1433 | D:2      | Became a worshipper of Trog the Wrathful
  1493 | D:3      | Found a runed gate.
  1493 | D:3      | Found a runed gate.
  1494 | D:3      | Found a runed gate.
  1495 | D:3      | Noticed HEYYEYAAE's ghost (weakling DgGl)
  1500 | D:3      | Noticed Monsterracer's ghost (amateur MfCj)
  1569 | D:3      | Found a transporter.
  1575 | D:3      | Found a transporter.
  1580 | D:3      | Noticed a black bear
  1580 | D:3      | Noticed an orc warrior
  1584 | D:3      | Noticed a phantom
  1612 | D:3      | Found a glowing golden altar of the Shining One.
  1628 | D:3      | Killed a phantom
  1628 | D:3      | Reached XP level 6. HP: 39/39 MP: 6/6
  1814 | D:3      | Found a stormy altar of Qazlal.
  1870 | D:3      | Reached * piety under Trog
  2281 | D:3      | Killed Monsterracer's ghost
  2281 | D:3      | Reached XP level 7. HP: 29/44 MP: 7/7
  2291 | D:3      | Killed HEYYEYAAE's ghost
  2563 | D:3      | Reached skill level 5 in Fighting
  2563 | D:3      | Reached skill level 5 in Armour
  2563 | D:3      | Reached skill level 5 in Shields
  2942 | D:4      | Found a radiant altar of Vehumet.
  2956 | D:4      | Reached XP level 8. HP: 49/49 MP: 8/8
  3054 | D:4      | Found an ancient bone altar of Kikubaaqudgha.
  3181 | D:4      | Found an ornate altar of the Wu Jian Council.
  3182 | D:4      | Found a glowing silver altar of Zin.
  3386 | D:4      | Reached skill level 5 in Stealth
  3424 | D:5      | Entered Level 5 of the Dungeon
  3438 | D:5      | Reached ** piety under Trog
  3914 | D:5      | Reached skill level 5 in Axes
  4412 | D:6      | Reached XP level 9. HP: 55/55 MP: 9/9
  4492 | D:6      | Slain by an iguana

Skill      XL: |  1  2  3  4  5  6  7  8 |
---------------+-------------------------+-----
Axes           | 2 3 5 |  5.6
Stealth        | 1 2 3 4 6 |  6.7
Armour         | 4 5 6 |  6.3
Fighting       | 4 5 6 |  6.2
Shields        | 4 5 6 |  6.2

Action                   |  1- 3 |  4- 6 |  7- 9 || total
-------------------------+-------+-------+-------++-------
Melee: War axe           |    13 |       |       ||    13
       Spear             |    51 |   185 |   282 ||   518
Invok: Berserk           |       |       |     3 ||     3
       Trog's Hand       |       |       |     2 ||     2
  Use: Potion            |       |     1 |    10 ||    11
       Scroll            |       |       |     8 ||     8
 Stab: Sleeping          |       |       |     9 ||     9
  Eat: Chunk             |       |     4 |     3 ||     7
       Ration            |       |     1 |     1 ||     2
Armor: Scale mail        |    25 |    71 |   144 ||   240
Dodge: Dodged            |    11 |    33 |    87 ||   131
Block: Shield            |    18 |    54 |   190 ||   262
